 Dungeon Crawl Stone Soup version 0.30-a0-879-ga8ba668304 (webtiles) character file.

Game seed: 5109063518717331925

686 Jossarian the Magician (level 7, -14/32 HPs)
             Began as a Spriggan Venom Mage on Mar 14, 2023.
             Demolished by a yak (15 damage)
             ... on level 4 of the Dungeon.
             The game lasted 01:02:00 (7003 turns).

Jossarian the Magician (Spriggan Venom Mage)        Turns: 7003, Time: 01:02:01

Health: -14/32     AC:  2    Str:  4    XL:     7   Next: 35%
Magic:  12/17      EV: 17    Int: 18    God:
Gold:   231        SH:  0    Dex: 16    Spells: 8/19 levels left

rFire   + . .      SeeInvis +    p - +2 dagger (vamp)
rCold   x . .      Faith    .    (no shield)
rNeg    . . .      Spirit   .    a - +0 robe
rPois   .          Reflect  .    (helmet restricted)
rElec   .          Rampage  .    (no cloak)
rCorr   .                        (gloves unavailable)
Will    +....                    (boots unavailable)
Stlth   +++                      (no amulet)
HPRegen 0.25/turn                d - ring of fire
MPRegen 0.15/turn                (no ring)

@: very quick
A: very small, no large weapons, unfitting armour, see invisible, speed 3
a: no special abilities


You were on level 4 of the Dungeon.
You visited 1 branch of the dungeon, and saw 5 of its levels.

You collected 231 gold pieces.

Inventory:

Hand Weapons
 p - a +2 vampiric dagger (weapon)
 r - a +4 dagger
Missiles
 j - 5 curare-tipped darts (quivered)
 k - 54 stones
Armour
 a - a +0 robe (worn)
 e - an orb of wrath
 n - a +1 cloak
 v - a +2 hat
Jewellery
 d - a ring of fire (left hand)
Scrolls
 g - 2 scrolls of immolation
 q - a scroll of enchant armour
Potions
 b - 2 potions of magic
 c - a potion of heal wounds
 f - 3 potions of curing
 h - a potion of resistance
 l - 3 potions of might
 o - a potion of degeneration {unknown}
 s - a potion of attraction
 u - a potion of flight
 w - a potion of ambrosia {unknown}


   Skills:
 + Level 0.1 Fighting
 + Level 0.6 Throwing
 + Level 2.9 Dodging
 + Level 3.5 Stealth
 + Level 6.6 Spellcasting
 + Level 0.6 Conjurations
 + Level 4.4 Transmutations
 + Level 1.4 Air Magic
 + Level 5.2 Poison Magic


You had 8 spell levels left.
You knew the following spells:

 Your Spells              Type           Power      Damage    Failure   Level
a - Sting                 Tmut/Pois      92%        1d7       1%          1
b - Poisonous Vapours     Pois/Air       36%        N/A       4%          2
c - Mephitic Cloud        Conj/Pois/Air  14%        N/A       12%         3
d - Shock                 Conj/Air       36%        1d5       8%          1
e - Olgreb's Toxic Radia  Pois           24%        N/A       13%         4

Your spell library contained the following spells:

 Spells                   Type           Power      Damage    Failure   Level
 Swiftness                Air            11%        N/A       19%         3
 Airstrike                Air            5%         2d(1-17)  52%         4
 Eringya's Noxious Bog    Tmut/Pois      11%        N/A       93%         6
 Summon Forest            Summ/Tloc      2%         N/A       97%         5
 Summon Hydra             Summ           2%         N/A       100%        7


Dungeon Overview and Level Annotations

Branches:
Dungeon (5/15)
 Temple: D:4-7

Altars:
Sif Muna
Uskayaw

Annotations:
D:3 3 runed translucent doors, 112233's ghost, amateur DEFE


Innate Abilities, Weirdness & Mutations

You are very small and have problems with some larger weapons.
You are too small for most types of armour.
You have supernaturally acute eyesight. (SInv)
You cover ground extremely quickly. (Speed+++)


Message History

You see here a yak corpse.
There is a stone staircase leading down here.
You climb downwards.
The yak closely misses you. x2; The yak misses you.
The yak barely misses you.
There is a stone staircase leading up here.
The yak closely misses you. The yak gores you!
You climb upwards.
There is a stone staircase leading down here.
Casting: Sting (safe; 1% risk of failure)
Confirm with . or Enter, or press ? or * to list all spells.
The spell is quite dangerous to miscast (13% risk of failure)!
Continue anyway?
You begin to radiate toxic energy.
The yak is poisoned. x2
The yak looks even sicker.
The yak gores you!
Ouch! That really hurt!
* * * LOW HITPOINT WARNING * * *
The yak closely misses you.
Casting: Olgreb's Toxic Radiance (quite dangerous; 13% risk of failure)
Confirm with . or Enter, or press ? or * to list all spells.
Aiming: Sting (safe; 1% risk of failure)
Press: ? - help, Shift-Dir - straight line, f - yak
Aim: a yak (lightly wounded, poisoned, 85% to hit)
The sting hits the yak but does no damage.
The yak looks even sicker.
The yak is lightly wounded.
The yak looks even sicker.
Your toxic aura wanes.
The yak barely misses you. The yak gores you.
* * * LOW HITPOINT WARNING * * *
You barely miss the yak.
The yak is lightly wounded.
The yak closely misses you. The yak barely misses you.
You hit the yak.
The yak is moderately wounded.
The yak gores you.
* * * LOW HITPOINT WARNING * * *
The yak misses you.
You hit the yak.
The yak is moderately wounded.
The yak misses you. The yak gores you!
You die...

# #.##..##########..#
#.### #
#.#...............#
#.#.. #
#.#.##....######.##
#.#.# #######.#.##....#
#..# #.#.#
......#.#.##....# #.##
#.#.#
#####.#.#.##....#####.#
#.#.#
...##.#.#.###..###..†.#
#.#..
##.##.#.#.####.###.####
#.###
#.##.#.#......Y@Y.#
#.###
#.##.#.############
#.... #.##.#.#......#
#####
#.##.#.##.###.#######
#.##.#.#....#.......#
#.##.#.#..#.#..####.#
#....#.#..#.#.....#.#
######.#..#.##.#.##.#
#.#..#.##.#.##.#


You could see 2 yaks.

Vanquished Creatures
  Grinder (D:4)
  2 yaks (D:4)
  An orc wizard (D:4)
  Robin (D:3)
  7 adders
  An ufetubus (D:4)
  2 worms
  4 dart slugs
  10 orcs
  5 ball pythons
  4 bats (D:2)
  5 endoplasms
  4 giant cockroaches
  15 goblins
  9 hobgoblins
  7 kobolds
  A quokka (D:2)
  A frilled lizard (D:3)
  5 rats
85 creatures vanquished.

Vanquished Creatures (others)
  5 toadstools (D:1)
5 creatures vanquished.

Grand Total: 90 creatures vanquished

Notes
Turn   | Place    | Note
-------+----------+-------------------------------------------
     0 | D:1      | Jossarian the Spriggan Venom Mage began the quest for the
                  | Orb.
     0 | D:1      | Reached XP level 1. HP: 9/9 MP: 5/5
   371 | D:1      | Reached skill level 3 in Spellcasting
   381 | D:1      | Reached XP level 2. HP: 13/13 MP: 2/7
   687 | D:1      | Learned a level 2 spell: Poisonous Vapours
  1556 | D:2      | Reached XP level 3. HP: 16/16 MP: 4/8
  2429 | D:2      | Learned a level 3 spell: Mephitic Cloud
  2475 | D:2      | Reached XP level 4. HP: 21/21 MP: 1/10
  2477 | D:2      | Learned a level 1 spell: Shock
  3725 | D:3      | Reached skill level 4 in Spellcasting
  3929 | D:3      | Noticed a +0 dagger
  3929 | D:3      | Noticed a +0 spear
  4000 | D:3      | Found a shimmering blue altar of Sif Muna.
  4065 | D:3      | Noticed a +0 spear
  4066 | D:3      | Noticed a +0 short sword
  4066 | D:3      | Noticed a +0 short sword
  4214 | D:3      | Noticed a +0 dagger
  4250 | D:3      | Noticed a +0 falchion
  4431 | D:3      | Found a hide-covered altar of Uskayaw.
  4467 | D:3      | Found a runed translucent gate.
  4467 | D:3      | Found a runed translucent gate.
  4467 | D:3      | Found a runed translucent gate.
  4531 | D:3      | Noticed a +0 falchion
  4532 | D:3      | Noticed 112233's ghost (amateur DEFE)
  4763 | D:3      | Noticed Robin
  4775 | D:3      | Killed Robin
  4776 | D:3      | Reached XP level 5. HP: 24/24 MP: 2/12
  5424 | D:4      | Noticed Grinder
  5800 | D:4      | Paralysed by Grinder for 2 turns
  5805 | D:4      | Paralysed by Grinder for 3 turns
  5833 | D:4      | Paralysed by Grinder for 4 turns
  5866 | D:4      | Killed Grinder
  5867 | D:4      | Reached skill level 5 in Spellcasting
  5867 | D:4      | Reached skill level 1 in Air Magic
  5867 | D:4      | Reached XP level 6. HP: 23/28 MP: 1/15
  5968 | D:4      | Learned a level 4 spell: Olgreb's Toxic Radiance
  6834 | D:5      | Entered Level 5 of the Dungeon
  6834 | D:5      | Noticed a yak
  6835 | D:5      | Noticed a yak
  6837 | D:5      | Noticed a yak
  6840 | D:5      | Noticed a yak
  6852 | D:4      | Killed a yak
  6853 | D:4      | Reached skill level 6 in Spellcasting
  6853 | D:4      | Reached skill level 5 in Poison Magic
  6853 | D:4      | Reached XP level 7. HP: 32/32 MP: 8/17
  6924 | D:5      | Noticed a yak
  6958 | D:4      | Killed a yak
  7002 | D:4      | HP: 1/32 [yak (4)]
  7003 | D:4      | Demolished by a yak

Illustrated notes

Levels and vault maps discovered:
D:1:      ldierk_walled_garden, layout_basic, grunt_decor_clamped
D:2:      layout_basic, guppyfry_early_orc_mine
D:3:      layout_rooms, nicolae_uskayaw_en_pointe, general_overflow_altar,
          ebering_ghost_rock_garden, kennysheep_generic_room_6, uniq_robin
D:4:      layout_basic, serial_curves, eino_curves_04, eino_curves_01,
          uniq_grinder
D:5:      layout_rooms, gammafunk_ghost_necromancy

Skill      XL: |  1  2  3  4  5  6 |
---------------+-------------------+-----
Spellcasting   | 3 4 5 6 |  6.6
Transmutations | 2 3 4 |  4.4
Poison Magic   | 4 5 |  5.2
Air Magic      | 1 |  1.4
Fighting       | |  0.1
Throwing       | |  0.6
Dodging        | |  2.9
Stealth        | |  3.5
Conjurations   | |  0.6

Action                     |  1- 3 |  4- 6 |  7- 9 || total
---------------------------+-------+-------+-------++-------
  Melee: Unarmed           |     2 |       |       ||     2
         Dagger            |     1 |       |     3 ||     4
  Throw: Dart              |     3 |     3 |       ||     6
   Cast: Sting             |    48 |    90 |     6 ||   144
         Poisonous Vapours |    13 |    11 |       ||    24
         Mephitic Cloud    |     1 |     3 |       ||     4
         Shock             |       |    12 |       ||    12
         Olgreb's Toxic Ra |       |       |     1 ||     1
    Use: Scroll            |       |    17 |       ||    17
 Armour: Robe              |     2 |       |       ||     2
  Dodge: Dodged            |    27 |     4 |    12 ||    43

Table legend: (Time is in decaauts)
 A = Elapsed time spent in this place.
 B = Non-inter-level travel time spent in this place.
 C = Inter-level travel time spent in this place.
 D = Time resting spent in this place.
 E = Time spent auto-exploring this place.
 F = Levels seen in this place.
 G = Mean time per level.
                   A        B        C        D        E       F      G
               +--------+--------+--------+--------+--------+-----+--------+
         Total |   5353 |   3351 |   2002 |   2491 |      0 |   5 | 1070.6 |
       Dungeon |   5353 |   3351 |   2002 |   2491 |      0 |   5 | 1070.6 |
               +--------+--------+--------+--------+--------+-----+--------+

Top non-repeatable levels by time:
     D:2: 1705 daAuts
     D:4: 1502 daAuts
     D:3: 1116 daAuts
     D:1: 1014 daAuts
     D:5: 12 daAuts
